 Dungeon Crawl Stone Soup version 0.31-a0-1338-gb567cfdca4 (webtiles) character file.

Game seed: 1563059458001345654

401 pokeman the Magician (level 6, 0/34 HPs)
             Began as a Deep Elf Hedge Wizard on Dec 22, 2023.
             Slain by a mummy (13 damage)
             ... in an ossuary.
             The game lasted 00:06:21 (4029 turns).

pokeman the Magician (Deep Elf Hedge Wizard)        Turns: 4029, Time: 00:06:22

Health: 0/34       AC:  3    Str:  7    XL:     6   Next: 54%
Magic:  0/18       EV: 13    Int: 21    God:
Gold:   177        SH:  0    Dex: 14    Spells: 11/19 levels left

rFire   . . .        j - +4 short sword
rCold   . . .        (no shield)
rNeg    . . .        b - +0 robe
rPois   .            c - +0 hat
rElec   .            m - scarf {repulsion}
rCorr   .            (no gloves)
SInv    .            o - +0 pair of boots
Will    .....        (no amulet)
Stlth   ++           (no ring)
HPRegen 0.25/turn    (no ring)
MPRegen 0.16/turn

%: repel missiles
@: no status effects
A: no striking features
a: no special abilities


You were in an ossuary.
You visited 1 branch of the dungeon, and saw 4 of its levels.
You also visited: Ossuary.

You collected 177 gold pieces.

Inventory:

Hand Weapons
 j - a +4 short sword (weapon)
Missiles
 k - 6 curare-tipped darts
Armour
 b - a +0 robe (worn)
 c - a +0 hat (worn)
 m - a scarf of repulsion (worn)
 o - a +0 pair of boots (worn)
 u - a +0 buckler
Jewellery
 p - a ring of ice
 r - a ring of ice
Scrolls
 a - 2 scrolls of teleportation {unknown}
 e - a scroll of silence {unknown}
 f - 6 scrolls of identify {unknown}
 g - a scroll of noise {unknown}
 h - a scroll of acquirement {unknown}
 i - 2 scrolls of vulnerability {unknown}
 n - a scroll of immolation {unknown}
 q - a scroll of torment {unknown}
Potions
 d - a potion of magic
 l - 3 potions of enlightenment {unknown}
 s - a potion of ambrosia {unknown}
 t - a potion of attraction {unknown}


   Skills:
 + Level 1.0 Fighting
 - Level 1.0 Armour
 - Level 3.0 Dodging
 - Level 3.0 Stealth
 * Level 7.1 Spellcasting
 + Level 3.3 Conjurations
 - Level 1.1 Summonings
 - Level 1.1 Translocations
 + Level 1.7 Air Magic
 - Level 2.0 Alchemy


You had 11 spell levels left.
You knew the following spells:

 Your Spells              Type           Power      Damage    Failure   Level
a - Magic Dart            Conj           84%        1d7       2%          1
b - Mephitic Cloud        Conj/Alch/Air  17%        N/A       10%         3
c - Call Imp              Summ           24%        N/A       9%          2
d - Blink                 Tloc           24%        N/A       9%          2

Your spell library contained the following spells:

 Spells                   Type           Power      Damage    Failure   Level
 Summon Small Mammal      Summ           48%        N/A       5%          1
 Cigotuvi's Dreadful Rot  Necr/Alch/Air  24%        N/A       8%          2
 Freeze                   Ice            28%        1d5       9%          1
 Slow                     Hex            28%        N/A       9%          1
 Hailstorm                Conj/Ice       14%        3d6       13%         3
 Call Canine Familiar     Summ           12%        N/A       17%         3
 Summon Guardian Golem    Hex/Summ       9%         N/A       21%         3
 Frozen Ramparts          Ice            14%        1d3       26%         3
 Dispel Undead            Necr           7%         3d8       65%         4
 Death Channel            Necr           3%         N/A       100%        6


Dungeon Overview and Level Annotations

Branches:
Dungeon (4/15)            Ossuary (1/1)
 Temple: D:4-7

Altars:


Message History

The mummy hits you!
Casting: Magic Dart (safe; 2% risk of failure)
Confirm with . or Enter, or press ? or * to list all spells.
Aiming: Magic Dart (safe; 2% risk of failure)
Press: ? - help, Shift-Dir - straight line, f/p - mummy
Aim: a mummy (heavily damaged, 100% to hit)
The magic dart hits the mummy but does no damage.
The mummy is heavily damaged.
The mummy hits you but does no damage.
Casting: Magic Dart (safe; 2% risk of failure)
Confirm with . or Enter, or press ? or * to list all spells.
Aiming: Magic Dart (safe; 2% risk of failure)
Press: ? - help, Shift-Dir - straight line, f/p - mummy
Aim: a mummy (heavily damaged, 100% to hit)
The magic dart hits the mummy but does no damage.
The mummy is heavily damaged.
Casting: Magic Dart (safe; 2% risk of failure)
Confirm with . or Enter, or press ? or * to list all spells.
Aiming: Magic Dart (safe; 2% risk of failure)
Press: ? - help, Shift-Dir - straight line, f/p - mummy
Aim: a mummy (heavily damaged, 100% to hit)
The magic dart hits the mummy.
The mummy is severely damaged.
The mummy hits you!
Casting: Magic Dart (safe; 2% risk of failure)
Confirm with . or Enter, or press ? or * to list all spells.
Aiming: Magic Dart (safe; 2% risk of failure)
Press: ? - help, Shift-Dir - straight line, f/p - mummy
Aim: a mummy (severely damaged, 100% to hit)
The magic dart hits the mummy.
The mummy is almost destroyed.
Casting: Magic Dart (safe; 2% risk of failure)
Confirm with . or Enter, or press ? or * to list all spells.
Aiming: Magic Dart (safe; 2% risk of failure)
Press: ? - help, Shift-Dir - straight line, f/p - mummy
Aim: a mummy (almost destroyed, 100% to hit)
The magic dart hits the mummy.
The mummy is almost destroyed.
The mummy hits you!
You die...

#........
#......
#....#
#....#
#....#
#....#
#....#
#...M#
#..@.#
#....#
#.∩∩.#
######


You could see a mummy.

Vanquished Creatures
  Sigmund (D:3)
  Jessica (D:3)
  Natasha (thrice) (D:3)
  An orc wizard (D:3)
  2 mummies (Ossuary)
  A worm (D:2)
  A dart slug (D:2)
  11 orcs (D:3)
  5 bats
  9 endoplasms
  2 giant cockroaches (D:3)
  2 gnoll zombies (Ossuary)
  4 goblins
  6 hobgoblins
  4 jackals (D:1)
  3 quokkas
  4 ball pythons
  4 frilled lizards (D:1)
  3 hobgoblin zombies (Ossuary)
  5 kobolds
  2 orc zombies (Ossuary)
  5 rats
79 creatures vanquished.

Notes
Turn   | Place    | Note
-------+----------+-------------------------------------------
     0 | D:1      | pokeman the Deep Elf Hedge Wizard began the quest for the
                  | Orb.
     0 | D:1      | Reached XP level 1. HP: 10/10 MP: 7/7
   266 | D:1      | Reached XP level 2. HP: 16/16 MP: 6/9
   657 | D:1      | Reached skill level 5 in Spellcasting
  1133 | D:2      | Reached XP level 3. HP: 20/20 MP: 9/11
  1137 | D:2      | Learned a level 3 spell: Mephitic Cloud
  1140 | D:2      | Learned a level 2 spell: Call Imp
  1143 | D:2      | Learned a level 2 spell: Blink
  1848 | D:2      | Reached skill level 1 in Fighting
  1848 | D:2      | Reached skill level 1 in Armour
  2508 | D:3      | Noticed Jessica
  2516 | D:3      | Killed Jessica
  2517 | D:3      | Reached XP level 4. HP: 25/25 MP: 6/13
  2880 | D:3      | Noticed Natasha
  2889 | D:3      | Killed Natasha
  2890 | D:3      | Reached skill level 6 in Spellcasting
  2890 | D:3      | Reached XP level 5. HP: 19/29 MP: 6/15
  2947 | D:3      | Noticed Sigmund
  2961 | D:3      | Killed Sigmund
  2962 | D:3      | Reached skill level 1 in Air Magic
  2962 | D:3      | Reached skill level 1 in Alchemy
  2962 | D:3      | Reached XP level 6. HP: 34/34 MP: 12/17
  3174 | D:3      | Noticed Natasha
  3184 | D:3      | Killed Natasha
  3302 | D:3      | Found a faded altar of an unknown god.
  3761 | D:3      | Noticed Natasha
  3769 | D:3      | Killed Natasha
  3770 | D:3      | Reached skill level 7 in Spellcasting
  3794 | D:4      | Found a sand-covered staircase.
  3813 | Ossuary  | Entered an ossuary
  4029 | Ossuary  | Slain by a mummy

Illustrated notes

Levels and vault maps discovered:
D:1:      lemuel_arrival_muddy, layout_basic
D:2:      layout_rooms
D:3:      layout_basic, serial_bayou, serial_bayou_pond_a,
          serial_bayou_lagoon_b, serial_bayou_pond_e, serial_bayou_lagoon_a,
          ebering_ecumenical_altar_mist, uniq_sigmund, uniq_jessica,
          uniq_natasha
D:4:      layout_cave_pools, enter_ossuary_1, kennysheep_boxes,
          uniq_blork_the_orc
Ossuary:  ossuary_tomb_3

Skill      XL: |  1  2  3  4  5  6 |
---------------+-------------------+-----
Spellcasting   | 5 6 7 |  7.1
Fighting       | 1 |  1.0
Armour         | 1 |  1.0
Conjurations   | 2 3 |  3.3
Stealth        | 3 |  3.0
Dodging        | 3 |  3.0
Air Magic      | 1 |  1.7
Alchemy        | 1 2 |  2.0
Summonings     | |  1.1
Translocations | |  1.1

Action                     |  1- 3 |  4- 6 || total
---------------------------+-------+-------++-------
  Melee: Dagger            |    27 |       ||    27
         Short sword       |     3 |    28 ||    31
         Punch             |       |     2 ||     2
   Cast: Magic Dart        |   121 |    98 ||   219
         Call Imp          |     1 |       ||     1
         Mephitic Cloud    |       |     5 ||     5
   Stab: Confused          |       |     7 ||     7
         Sleeping          |       |     1 ||     1
 Armour: Robe              |    22 |    18 ||    40
  Dodge: Dodged            |    22 |    11 ||    33

Table legend: (Time is in decaauts)
 A = Elapsed time spent in this place.
 B = Non-inter-level travel time spent in this place.
 C = Inter-level travel time spent in this place.
 D = Time resting spent in this place.
 E = Time spent auto-exploring this place.
 F = Levels seen in this place.
 G = Mean time per level.
                   A        B        C        D        E       F      G
               +--------+--------+--------+--------+--------+-----+--------+
         Total |   4067 |   3907 |    160 |     44 |   3334 |   5 |  813.4 |
       Dungeon |   3851 |   3691 |    160 |     44 |   3186 |   4 |  962.8 |
       Ossuary |    215 |    215 |      0 |      0 |    148 |   1 |  215.0 |
               +--------+--------+--------+--------+--------+-----+--------+

Top non-repeatable levels by time:
     D:3: 1820 daAuts
     D:1: 1195 daAuts
     D:2: 817 daAuts
 Ossuary: 215 daAuts
     D:4: 18 daAuts
